Map: Ever Dream LE

Players

Neo

  • Race: Terran Terran
  • League: Silver
  • Spawn Location: 1:00

JohnnyV - Winner!

  • Race: Terran Terran
  • League: Silver
  • Spawn Location: 7:00

VOD

Have the link to the VOD?

Description

Time

  • Played on: May 7, 2020, 10:04 a.m.
  • Length: 7:53
Show
View Real Time Build Order
Export as new Build Order

Neo Terran 

Build Orders: Gas First Reaper Expand 

Get SALT Encoding   

  12  0:01  SCV  
  13  0:13  SCV  
  14  0:23  Supply Depot  
  14  0:25  Refinery  
  14  0:28  SCV  
  15  0:44  SCV  
  15  0:46  Barracks  
  16  0:56  SCV  
  17  1:09  SCV  
  18  1:21  SCV  
  19  1:37  Reaper  
  19  1:39  SCV, Command Center  
  21  1:50  Factory  
  21  1:53  SCV  
  22  2:09  Marine  
  23  2:16  Supply Depot  
  23  2:21  Barracks  
  23  2:32  SCV  
  23  2:37  Marine  
  23  2:38  Hellion  
  26  2:55  Marine  
  27  3:03  Factory Tech Lab  
  27  3:12  Orbital Command  
  27  3:13  Marine  
  27  3:15  Barracks Tech Lab  
  28  4:00  SCV  
  29  4:05  Starport  
  29  4:06  Engineering Bay  
  29  4:08  Siege Tank  
  32  4:10  Barracks  
  32  4:12  SCV  
  32  4:16  Orbital Command  
  33  4:18  Refinery  
  33  4:22  Engineering Bay, Barracks Tech Lab  
  33  4:24  SCV  
  33  4:29  Refinery  
  33  5:00  Barracks Tech Lab  
  33  5:05  Missile Turret x2  
  33  5:09  SCV  
  33  5:10  Starport Reactor  
  33  5:11  Missile Turret  
  34  5:21  SCV  
  35  5:22  Combat Shield, Stimpack  
  35  5:26  Missile Turret  
  35  5:33  SCV  
  36  5:45  SCV  
  37  5:52  Refinery  
  37  5:57  SCV  
  37  6:00  Supply Depot  
  37  6:01  Barracks  
  37  6:02  Marine x3  
  41  6:09  SCV  
  42  6:16  Medivac  
  44  6:20  Medivac  
  44  6:22  Marine x3, SCV  
  44  6:24  Supply Depot  
  50  6:27  Supply Depot  
  50  6:28  Supply Depot  
  50  6:34  SCV  
  51  6:43  Supply Depot  
  51  6:45  Marine x3  
  54  6:51  Missile Turret  
  54  6:53  Concussive Shells  
  54  7:00  SCV  
  55  7:02  Marine  
  55  7:03  Marine x2  
  55  7:06  Supply Depot  
  58  7:11  Widow Mine  
  58  7:15  Barracks Reactor  
  60  7:20  Marine x2  
  60  7:21  Marine  
  60  7:22  Viking  
Show
View Real Time Build Order
Export as new Build Order

JohnnyV Terran - Winner!

Build Orders:  

Get SALT Encoding   

  12  0:01  SCV  
  13  0:13  SCV  
  14  0:17  Supply Depot  
  14  0:25  SCV  
  15  0:31  Refinery  
  15  0:41  Barracks  
  15  0:45  SCV  
  16  0:58  SCV  
  17  1:04  Refinery  
  17  1:10  SCV  
  18  1:16  Supply Depot  
  18  1:23  SCV  
  19  1:29  Reaper  
  20  1:34  Bunker  
  20  1:35  SCV  
  21  1:47  SCV  
  22  1:54  Factory  
  22  1:59  SCV  
  23  2:21  Barracks Reactor  
  23  2:44  Factory Tech Lab  
  23  3:02  Marine x2  
  24  3:06  Siege Tank  
  27  3:13  Starport  
  27  3:20  Engineering Bay  
  27  3:23  Marine x2  
  29  3:50  Marine x2  
  31  4:01  Starport Tech Lab  
  31  4:06  Fusion Core  
  31  4:08  Orbital Command  
  31  4:13  Supply Depot  
  31  4:19  Supply Depot  
  31  4:35  Marine, Siege Tank  
  34  5:00  Marine x2  
  34  5:05  Command Center  
  36  5:07  Battlecruiser  
  42  5:18  SCV  
  43  5:23  Marine  
  44  5:31  SCV  
  45  5:41  Marine  
  45  5:42  Marine  
  47  5:48  Siege Tank  
  50  5:50  SCV  
  50  5:56  Terran Infantry Weapons Level 1  
  51  6:02  Supply Depot  
  51  6:03  Supply Depot  
  51  6:06  Marine  
  51  6:08  Marine  
  53  6:37  Orbital Command  
  53  6:38  Marine x2  
  55  6:40  Siege Tank  
  64  7:32  Marine x2  
Tags
 
Add a new tag
Caveats
  • Supply blocks, unpowered buildings, or Contaminate may cause inaccurate times.
  • Supply counts are checked every 10 seconds.